 Dungeon Crawl Stone Soup version 0.29.1-1-gd02db6906a (webtiles) character file.

Game seed: 15060098651576586814

4 Orsonium the Grave Robber (level 1, -4/13 HPs)
             Began as a Demonspawn Necromancer on Sept 21, 2022.
             Killed from afar by a dart slug (5 damage)
             ... with a slug dart
             ... on level 1 of the Dungeon.
             The game lasted 00:01:10 (168 turns).

Orsonium the Grave Robber (Demonspawn Necromancer)   Turns: 168, Time: 00:01:11

Health: -4/13      AC:  0    Str:  8    XL:     1   Next: 50%
Magic:  0/3        EV: 12    Int: 16    God:
Gold:   0          SH:  0    Dex: 13    Spells: 3/4 levels left

rFire   . . .      SeeInvis .   (no weapon)
rCold   . . .      Faith    .   (no shield)
rNeg    . . .      Spirit   .   (no body armour)
rPois   .          Reflect  .   (no helmet)
rElec   .          Harm     .   (no cloak)
rCorr   .          Rampage  .   (no gloves)
Will    .....                   (no boots)
Stlth   ++........              (no amulet)
HPRegen 0.04/turn               (no ring)
MPRegen 0.08/turn               (no ring)

@: no status effects
A: no striking features
a: no special abilities


You were on level 1 of the Dungeon.
You visited 1 branch of the dungeon, and saw 1 of its levels.

Inventory:

Armour
 a - a +0 robe
 e - a +1 leather armour of cold resistance
Scrolls
 d - a scroll of enchant armour {unknown}
Potions
 b - a potion of magic
 c - a potion of might {unknown}


   Skills:
 + Level 1.8 Dodging
 + Level 1.7 Stealth
 + Level 2.0 Spellcasting
 + Level 4.6 Necromancy


You had 3 spell levels left.
You knew the following spells:

 Your Spells              Type           Power      Damage    Failure   Level
a - Necrotise             Necr           64%        1d7       3%          1

Your spell library contained the following spells:

 Spells                   Type           Power      Damage    Failure   Level
 Vampiric Draining        Necr           16%        2d7       10%         3
 Animate Dead             Necr           16%        N/A       30%         4
 Agony                    Necr           16%        N/A       65%         5


Dungeon Overview and Level Annotations

Branches:
Dungeon (1/15)

Altars:


Message History

You finish taking off your +0 robe.
The goblin writhes in agony.
You kill the goblin!
The dead are walking!
You see here a +0 club.
You start resting.
Magic restored.
HP restored.
A ball python comes into view.
A ball python is nearby!
The ball python hisses angrily.
Your goblin skeleton crumbles into dust!
A dart slug comes into view.
A frilled lizard comes into view.
Found a leather armour.
The frilled lizard hisses angrily.
The ball python barely resists.
The ball python completely misses you. The ball python grabs you.
The ball python constricts you.
The ball python barely resists.
The ball python bites you. The ball python constricts you.
The ball python writhes in agony.
The ball python bites you. The ball python constricts you.
The dart slug launches a dart at you. The slug dart misses you.
You are out of magic!
You are out of magic!
You are out of magic!
You hit the ball python.
You kill the ball python!
The frilled lizard barely misses you. The frilled lizard bites you.
You barely miss the frilled lizard. The dart slug barely misses you.
The frilled lizard bites you.
* * * LOW HITPOINT WARNING * * *
You miss the frilled lizard. The frilled lizard bites you.
* * * LOW HITPOINT WARNING * * *
You hit the frilled lizard but do no damage.
The dart slug launches a dart at you. The slug dart hits you.
You die...

#.## ... ..... ....
..... ..... ......
..[.. ...... #.....
......###....
......w#..# .. .##
#l@.# #. #..### #...#
..#......## #.#.#
.#........##
#.#.##...........##
..#..#...........>.
.####.............##
.######..............
....................#.
.......................


You could see a dart slug and a frilled lizard.

Vanquished Creatures
  A quokka (D:1)
  A ball python (D:1)
  A goblin (D:1)
  A rat (D:1)
4 creatures vanquished.

Vanquished Creatures (collateral kills)
  A frilled lizard (D:1)
1 creature vanquished.

Grand Total: 5 creatures vanquished

Notes
Turn   | Place    | Note
-------+----------+-------------------------------------------
     0 | D:1      | Orsonium the Demonspawn Necromancer began the quest for the
                  | Orb.
     0 | D:1      | Reached XP level 1. HP: 13/13 MP: 3/3
   168 | D:1      | Killed from afar by a dart slug

Illustrated notes

Levels and vault maps discovered:
D:1:      saegor_arrival_miasma, layout_rooms

Action                   || total
-------------------------++-------
Melee: Unarmed           ||     7
 Cast: Necrotise         ||     8
Armor: Robe              ||     2
Dodge: Dodged            ||     6
